kotofej, lawful female dwarven Valkyrie ------ |.....##### --------------- |.)..| # +.............| ##-...<| ###------------- |..).).......>| # ------ #-@)........l+ |.............| ### |%u...`.....| |...^.........| --------- # |...-----...-# -.------------- |........### |...| |...|# |.......| |..`| |`.. ### |........###################|...| |.. % --------- #|...- -.. ###-------- #|.... .. #.......| #|`... ... |......| #---------- #.......| ##################`-------- kotofej the Skirmisher Experience level: 5 Strength: 16 Dexterity: 13 Constitution: 20 Intelligence: 8 Wisdom: 9 Charisma: 10 Health: 0(61) Energy: 4(4) Def: 4 Gold: 766 Moves: 3016 Dungeon seed: AJyAPmHxXqp4yBZ7 Game ID: kotofej_1497980924 Your Inventory: Coins $ - 766 gold pieces Weapons a - a +1 long sword (weapon in hand) b - a +0 dagger v - 2 +0 darts w - a +0 orcish dagger (in quiver) B - a cursed -1 trident Armor e - an uncursed +3 small shield (being worn) N - a cursed -2 pair of jumping boots Y - an uncursed +0 mummy wrapping Comestibles l - an uncursed lichen corpse x - 3 uncursed food rations Scrolls d - an uncursed scroll of create monster j - a cursed scroll of taming y - an uncursed scroll of charging z - an uncursed scroll of genocide C - a cursed scroll of destroy armor D - 2 uncursed scrolls of blank paper Potions f - an uncursed potion of gain level h - an uncursed potion of gain energy i - an uncursed potion of see invisible k - a blessed potion of gain energy t - an uncursed potion of healing A - a cursed potion of gain energy Tools p - a can of grease (0:21) s - 4 uncursed tallow candles (0:200) Gems n - an uncursed touchstone named Stone q - an uncursed flint stone r - an uncursed worthless piece of black glass Spells and supernatural/magical abilities: Name Level Category Fail Memory W - pray for help -- divine ? -- Your skills at the end: Fighting Skills Weapon Skills dagger [Basic] long sword [Basic] Spellcasting Skills Final Attributes: You were piously aligned. You were cold resistant. You had infravision. You were stealthy. You are dead. Vanquished creatures: a giant beetle a dust vortex a snake a soldier ant an orc shaman a yellow light a shrieker a kobold mummy 2 elf zombies a paper golem a rothe 2 giant bats 3 orc zombies an iguana a coyote a hobgoblin 2 giant rats a yellow mold a red mold a gnome 7 garter snakes a gnome zombie 3 geckos 3 jackals a kobold a goblin 2 sewer rats 4 grid bugs a bat 4 lichens a kobold zombie 5 newts 58 creatures vanquished. Voluntary challenges: You followed a strict vegan diet. You used a wielded weapon 72 times, starting on turn 143. You were illiterate. You never genocided any monsters. You never polymorphed an object. You never changed form. You used no wishes. You never split a pudding. You never wrote Elbereth's name. You violated your moral code, losing 1 point of alignment, starting on turn 1623. Dungeon overview: The Dungeons of Doom: levels 1 to 8 Level 1 an altar to Odin, some fountains a long staircase Level 2 a fountain Level 3 a fountain, a sink a long staircase Level 4 Level 5 some fountains Level 6 a fountain Level 7 <- You were here Level 8 a fountain a long staircase History has recorded: On T:1 you entered the Dungeons of Doom to retrieve the Amulet of Yendor! On T:487 you reached level 2 of The Dungeons of Doom. On T:971 you advanced to experience level 2. On T:992 you reached level 3 of The Dungeons of Doom. On T:1392 you reached level 4 of The Dungeons of Doom. On T:1459 you advanced to experience level 3. On T:2007 you reached level 5 of The Dungeons of Doom. On T:2030 you advanced to experience level 4. On T:2261 you reached level 6 of The Dungeons of Doom. On T:2426 you reached level 8 of The Dungeons of Doom. On T:2742 you advanced to experience level 5. On T:2767 you reached level 7 of The Dungeons of Doom. Score breakdown: Gold: 766 ( 9813 points) Experience: 5 levels (11141 points) Exploration: 8 levels ( 17.78%) (11965 points) Discoveries: 2 items ( 0.81%) ( 2705 points) Valuables value: (no points given unless you survive) Artifact value: 0 ( 0 points) Variety of kills: 32 monsters ( 8.40%) ( 8694 points) Turncount: 3016 turns ( -607 points) Survival: died (score multiplied by 80%) Total score: 34968 Latest messages: You see here a flail. The door resists! The door opens. The soldier ant bites! The soldier ant stings! You hit the soldier ant! The soldier ant just misses! (2x) You kill the soldier ant! The dart misses the leprechaun. Pick an object. Never mind. You hit the giant beetle! (2x) The giant beetle bites! You kill the giant beetle! You see here a statue of a forest centaur. The gray unicorn butts! The gray unicorn kicks! The gray unicorn butts! You die... Final status: Farvel kotofej the Valkyrie, killed by a gray unicorn... You died in The Dungeons of Doom on dungeon level 7 with 34968 points, and 766 pieces of gold, after 3016 moves. You were level 5 with a maximum of 61 hit points when you died.